 Dungeon Crawl Stone Soup version 0.26.1-11-gd32895ea62 (webtiles) character file.

Game seed: 17461217236001248223

18108 nothank2 the Basher (level 12, -3/82 HPs)
             Began as a Gargoyle Fighter on June 13, 2021.
             Was an Elder of the Shining One.
             Slain by Jorgrun
             ... wielding a +0 vorpal quarterstaff
              (19 damage)
             ... on level 15 of the Dungeon.
             The game lasted 00:54:14 (12005 turns).

nothank2 the Basher (Gargoyle Fighter)             Turns: 12005, Time: 00:54:15

Health: -3/82      AC: 26    Str: 23    XL:     12   Next: 55%
Magic:  12/12      EV:  2    Int: 17    God:    the Shining One [****..]
Gold:   519        SH: 11    Dex:  9    Spells: 10/11 levels left

rFire    . . .     SeeInvis .   P - +3 flail
rCold    . . .     Faith    .   c - +0 kite shield
rNeg     + + +     Spirit   .   n - +3 plate armour
rPois    ∞         Reflect  .   (no helmet)
rElec    +         Harm     .   z - scarf {repulsion}
rCorr    .         Rampage  .   p - +0 pair of gloves
Will     .....                  (no boots)
Stlth    ..........             y - amulet of regeneration
HPRegen  0.63/turn              m - ring of stealth
MPRegen  0.13/turn              x - +6 ring of intelligence

@: grasped by roots, glowing, constricted, studying Throwing, repel missiles
A: negative energy resistance 1, electricity resistance, unbreathing,
petrification resistance, miasma immunity, AC +8
a: Renounce Religion, Divine Shield, Cleansing Flame


You were on level 15 of the Dungeon.
You worshipped the Shining One.
The Shining One was greatly pleased with you.
You visited 1 branch of the dungeon, and saw 13 of its levels.

You collected 798 gold pieces.
You spent 279 gold pieces at shops.

Inventory:

Hand Weapons
 a - a +1 shortbow of flaming
 C - a +5 hand axe
 H - a +0 whip of flaming
 L - a +2 vorpal hand axe
 P - a +3 flail (weapon)
 R - a +3 trident of venom
Missiles
 d - 216 arrows
 w - 7 boomerangs (quivered)
Armour
 c - a +0 kite shield (worn)
 n - a +3 plate armour (worn)
 p - a +0 pair of gloves (worn)
 z - a scarf of repulsion (worn)
Jewellery
 m - a ring of stealth (left hand)
 x - a +6 ring of intelligence (right hand)
 y - an amulet of regeneration (around neck)
 J - an uncursed amulet of guardian spirit
Wands
 b - a wand of acid (10)
 q - a wand of polymorph (15)
 A - a wand of iceblast (5)
 D - a wand of enslavement (5)
Scrolls
 g - 6 scrolls of remove curse
 r - 2 scrolls of teleportation
 E - 3 scrolls of magic mapping
Potions
 e - 12 potions of curing
 f - a potion of brilliance
 h - 3 potions of attraction
 i - a potion of resistance {unknown}
 k - 2 potions of berserk rage
 l - a potion of heal wounds
 s - 4 potions of haste
 t - a potion of ambrosia {unknown}
 B - a potion of magic
 G - a potion of might
Books
 K - a manual of Throwing
Miscellaneous
 M - a box of beasts
 N - a phial of floods


   Skills:
 + Level 12.3 Fighting
 - Level 14.2 Maces & Flails
 * Level 4.2 Throwing
 + Level 6.6 Armour
 - Level 0.4 Dodging
 + Level 7.5 Shields


You had 10 spell levels left.
You knew the following spells:

 Your Spells              Type           Power        Failure   Level
a - Corona                Hex            0%           100%        1

Your spell library contained the following spells:

 Spells                   Type           Power        Failure   Level
 Apportation              Tloc           0%           100%        1
 Corpse Rot               Necr/Air       N/A          100%        2
 Ensorcelled Hibernation  Hex/Ice        0%           100%        2
 Confusing Touch          Hex            0%           100%        3
 Dazzling Flash           Conj/Hex       0%           100%        3
 Lesser Beckoning         Tloc           0%           100%        3
 Stone Arrow              Conj/Erth      0%           100%        3
 Tukima's Dance           Hex            0%           100%        3
 Alistair's Intoxication  Tmut/Pois      0%           100%        5
 Summon Forest            Summ/Tloc      0%           100%        5
 Eringya's Noxious Bog    Tmut/Pois      0%           100%        6
 Hydra Form               Tmut           0%           100%        6
 Invisibility             Hex            0%           100%        6
 Summon Hydra             Summ           0%           100%        7


Dungeon Overview and Level Annotations

Branches:
Dungeon (12/15)            Temple (0/1) D:5            Lair (0/6) D:10
    Orc (0/2) D:12

Altars:
Ashenzari
Cheibriados
Elyvilon
Fedhas
Gozag
Hepliaklqana
Kikubaaqudgha
Makhleb
Qazlal
Sif Muna
Trog
Vehumet
Xom
Zin
The Shining One

Shops:
D:6 !   D:7 [=(*   D:9 :   D:10 [*??[

Annotations:
D:15 Jorgrun


Innate Abilities, Weirdness & Mutations

You are resistant to torment.
Your stone body is resilient. (AC +8)
You are immune to poison.
You resist negative energy. (rN+)
You are resistant to electric shocks. (rElec)
You can survive without breathing.
You are immune to petrification.
You are immune to miasma.


Message History

You block the two-headed ogre's attack. x2
You hit the two-headed ogre but do no damage.
The two-headed ogre is severely wounded.
You thump the two-headed ogre!
The two-headed ogre is almost dead.
The two-headed ogre hits you with a +0 giant club!
* * * LOW HITPOINT WARNING * * *
The two-headed ogre hits you with a +0 giant club!
* * * LOW HITPOINT WARNING * * *
Your shield and plate armour prevent you from hitting the two-headed ogre.
The two-headed ogre is almost dead.
Jorgrun gestures at you while chanting. The iron shot misses you.
You sock the two-headed ogre!
You kill the two-headed ogre!
Your Throwing skill increases to level 4!
Jorgrun points at you and mumbles some strange words.
Roots burst forth from the earth!
The grasping roots grab you!
You die...

##########
#........#.
#........#.
#...@....#.. #####
#...##...#..# #....
#...#..g.....####.†..
#...#...........#....
#...#...........#....
#...######.#....#....
#... .............(.
.... ...............
......#(.......


You could see Jorgrun.

Vanquished Creatures
  Harold (D:8)
  2 hydras (D:11)
  A centaur warrior (D:8)
  2 two-headed ogres
  An unseen horror (D:11)
  6 manticores
  An ugly thing (D:10)
  A cyclops (D:15)
  3 centaur zombies (D:7)
  Maggie (D:8)
  2 centaur skeletons
  2 gargoyles
  A komodo dragon (D:8)
  2 hellwings (D:7)
  3 trolls
  2 hornets (D:10)
  Grinder (D:3)
  A slime creature (D:8)
  A meliai zombie (D:7)
  A shadow (D:15)
  5 wyverns
  A vampire mosquito (D:8)
  2 water moccasins
  An eye of draining (D:10)
  4 orc warriors
  2 sky beasts
  3 black bears
  3 ice beasts
  5 ogres
  7 centaurs
  2 big kobolds
  A gnoll sergeant (D:10)
  3 bullfrogs
  A wyvern zombie (D:7)
  A wyvern skeleton (D:7)
  A scorpion (D:8)
  3 wights (D:7)
  A howler monkey (D:9)
  An electric eel (D:10)
  A bullfrog zombie (D:8)
  2 jellies
  A lava snake (D:9)
  A quasit (D:9)
  11 hounds
  2 bullfrog skeletons
  6 orc priests
  13 orc wizards
  5 iguanas
  Terence (D:3)
  12 worker ants
  2 hound zombies
  A hound skeleton (D:8)
  9 gnolls
  14 adders
  6 shadow imps
  A white imp (D:9)
  3 ufetubi
  An ooze (D:4)
  An adder zombie (D:5)
  An adder skeleton (D:4)
  2 worms
  A dart slug (D:2)
  7 leopard geckos
  46 orcs
  4 bats
  3 giant cockroaches
  4 goblins
  5 hobgoblins
  7 jackals
  5 quokkas
  3 ball pythons
  4 frilled lizards
  41 kobolds
  A leopard gecko zombie (D:5)
  A quokka skeleton (D:9)
  11 rats
321 creatures vanquished.

Vanquished Creatures (collateral kills)
  2 howler monkeys (D:9)
2 creatures vanquished.

Vanquished Creatures (others)
  21 plants
  9 withered plants (D:7)
30 creatures vanquished.

Grand Total: 353 creatures vanquished

Notes
Turn   | Place    | Note
-------+----------+-------------------------------------------
     0 | D:1      | nothank2 the Gargoyle Fighter began the quest for the Orb.
     0 | D:1      | Reached XP level 1. HP: 14/14 MP: 1/1
   129 | D:1      | Reached XP level 2. HP: 19/19 MP: 2/2
   760 | D:2      | Reached XP level 3. HP: 22/23 MP: 3/3
  1504 | D:3      | Reached XP level 4. HP: 29/29 MP: 4/4
  1524 | D:3      | Noticed Grinder
  1550 | D:3      | Paralysed by Grinder for 4 turns
  1557 | D:3      | Paralysed by Grinder for 7 turns
  1565 | D:3      | Killed Grinder
  1566 | D:3      | Reached skill level 3 in Maces & Flails
  1566 | D:3      | Reached XP level 5. HP: 28/33 MP: 5/5
  1566 | D:3      | Reached XP level 6. HP: 33/38 MP: 6/6
  1837 | D:3      | Reached skill level 4 in Maces & Flails
  1850 | D:3      | Reached skill level 5 in Shields
  2092 | D:3      | Noticed Terence
  2100 | D:3      | Killed Terence
  2101 | D:3      | Reached skill level 5 in Armour
  2135 | D:3      | Found a glowing silver altar of Zin.
  2386 | D:3      | Found a broken altar of Ashenzari.
  2454 | D:3      | Noticed a moth of wrath
  2457 | D:3      | Found a bloodstained altar of Trog.
  2789 | D:4      | Reached XP level 7. HP: 44/44 MP: 7/7
  2965 | D:4      | Found an opulent altar of Gozag.
  3693 | D:4      | Reached skill level 5 in Maces & Flails
  3951 | D:5      | Entered Level 5 of the Dungeon
  4006 | D:5      | Found a radiant altar of Vehumet.
  4160 | D:5      | Found a glowing golden altar of the Shining One.
  4168 | D:5      | Became a worshipper of the Shining One
  4330 | D:5      | Found a staircase to the Ecumenical Temple.
  4383 | D:5      | Found a stormy altar of Qazlal.
  4406 | D:5      | Found a snail-covered altar of Cheibriados.
  4462 | D:5      | Learned a level 1 spell: Corona
  4490 | D:5      | Reached XP level 8. HP: 45/48 MP: 8/8
  5195 | D:6      | Reached skill level 5 in Fighting
  5289 | D:6      | Reached skill level 6 in Maces & Flails
  5547 | D:6      | Found a blossoming altar of Fedhas.
  5896 | D:6      | Found Wyanag's Distillery.
  5899 | D:6      | Bought a potion of heal wounds for 55 gold pieces
  5899 | D:6      | Bought a potion of heal wounds for 55 gold pieces
  5899 | D:6      | Bought 2 potions of might for 88 gold pieces
  6059 | D:7      | Reached skill level 7 in Maces & Flails
  6065 | D:7      | Reached XP level 9. HP: 18/54 MP: 9/9
  6195 | D:7      | Found a shimmering altar of Xom.
  6215 | D:7      | Reached skill level 8 in Maces & Flails
  6242 | D:7      | Noticed a hellwing
  6242 | D:7      | Reached * piety under the Shining One
  6266 | D:7      | Killed a hellwing
  6280 | D:7      | Reached skill level 9 in Maces & Flails
  6678 | D:7      | Noticed a hellwing
  6680 | D:7      | Found Xaziteas's Assorted Antiques.
  6702 | D:7      | Killed a hellwing
  6709 | D:7      | Reached skill level 10 in Maces & Flails
  6750 | D:7      | Bought a bubbling silvery potion for 25 gold pieces
  6750 | D:7      | Bought a scroll labelled SUTRIF PEATIDD for 28 gold pieces
  6750 | D:7      | Bought a scroll labelled UBES DITRO for 28 gold pieces
  6751 | D:7      | Acquired a scarf of repulsion
  6760 | D:7      | Reached XP level 10. HP: 59/63 MP: 10/10
  6776 | D:7      | Found Naupoff's Jewellery Shop.
  6779 | D:7      | Found Ibicemyu's Antique Weapon Boutique.
  6982 | D:7      | Reached ** piety under the Shining One
  7007 | D:7      | Found Toawee's Antique Armour Shoppe.
  7211 | D:8      | Noticed Harold
  7264 | D:7      | Reached skill level 11 in Maces & Flails
  7374 | D:8      | Killed Harold
  7481 | D:8      | Noticed Maggie
  7694 | D:8      | Noticed a centaur warrior
  7710 | D:8      | Killed a centaur warrior
  7711 | D:8      | Reached skill level 12 in Maces & Flails
  7711 | D:8      | Reached XP level 11. HP: 71/71 MP: 11/11
  7803 | D:8      | Found an ancient bone altar of Kikubaaqudgha.
  7804 | D:8      | Noticed a manticore
  7819 | D:8      | Killed a manticore
  7821 | D:8      | Found a hazy altar of Hepliaklqana.
  7821 | D:8      | Found a white marble altar of Elyvilon.
  7822 | D:8      | Found a burning altar of Makhleb.
  7997 | D:8      | Noticed a white ugly thing
  8100 | D:8      | Killed Maggie
  8101 | D:8      | Reached skill level 10 in Fighting
  8656 | D:9      | Found Xayp's Book Shoppe.
  8691 | D:9      | Reached *** piety under the Shining One
  9493 | D:9      | Found a shimmering blue altar of Sif Muna.
  9644 | D:10     | Entered Level 10 of the Dungeon
  9646 | D:10     | Found Qonweeti's Armour Shoppe.
  9722 | D:10     | Noticed a manticore
  9744 | D:10     | Killed a manticore
  9745 | D:10     | Reached skill level 1 in Throwing
  9763 | D:10     | Found a staircase to the Lair.
 10044 | D:10     | Found Hidum's Assorted Antiques.
 10106 | D:10     | Found Kofael's Armour Shop.
 10297 | D:10     | Noticed a white ugly thing
 10330 | D:10     | Killed a white ugly thing
 10331 | D:10     | Reached skill level 13 in Maces & Flails
 10441 | D:10     | Noticed a two-headed ogre
 10452 | D:10     | Killed a two-headed ogre
 10640 | D:10     | Found Tituch's Magic Scroll Shop.
 10918 | D:10     | Found Erawe's Magic Scroll Emporium.
 11217 | D:11     | Noticed a six-headed hydra
 11227 | D:11     | Killed a six-headed hydra
 11228 | D:11     | Reached XP level 12. HP: 57/80 MP: 12/12
 11359 | D:11     | Noticed a seven-headed hydra
 11378 | D:11     | Killed a seven-headed hydra
 11490 | D:11     | Reached skill level 14 in Maces & Flails
 11812 | D:12     | Found a staircase to the Orcish Mines.
 11891 | D:12     | You fall into a shaft and drop 3 floors!
 11891 | D:15     | Entered Level 15 of the Dungeon
 11892 | D:15     | Reached **** piety under the Shining One
 11972 | D:15     | Noticed Jorgrun
 11993 | D:15     | Noticed a two-headed ogre
 12004 | D:15     | Killed a two-headed ogre
 12005 | D:15     | Slain by Jorgrun

Illustrated notes

Levels and vault maps discovered:
D:1:      dpeg_arrival_rooms_b, layout_loops_ring
D:2:      layout_loops_ring, minmay_misc_feat_columns, grunt_decor_one_mirror
D:3:      layout_loops_ring, tgw_trog, marbit_many_paths,
          general_overflow_altar, uniq_grinder, uniq_terence
D:4:      layout_layer_cave, nicolae_overflow_crystal_walls, serial_glass,
          glass_columns_a, glass_columns_a
D:5:      kennysheep_kobold_camp, layout_cave_pools, old_standard_altar,
          nicolae_qazlal_eye_of_the_storm, overflow_temple_1_default,
          lemuel_doored_altar, minmay_temple_entry_glass, nrook_uturn
D:6:      corexii_shack_village, layout_loops_ring, serial_shops,
          kennysheep_mini, fedhas_altar_2
D:7:      cheibrodos_grave_circle, layout_cave_pools,
          nicolae_ossuary_entry_ruins, serial_shops, nicolae_shop_trees, shop,
          shop_fountains, shop, basic_altar
D:8:      minmay_the_grid_plus [minmay_the_grid_broken_lines,
          minmay_the_grid_zigzag_pyramid, minmay_the_grid_spin_star,
          minmay_the_grid_square_x, minmay_the_grid_prize_shrinking_boxes],
          layout_rooms, chequers_temple_overflow_statue_of_worship, uniq_maggie,
          uniq_harold
D:9:      layout_basic, led_sif_book, serial_shops, shop,
          kennysheep_pointless_box
D:10:     nzn_winding_woodlands_three_and_one
          [nzn_winding_woodlands_5x15_longhouse,
          nzn_winding_woodlands_5x15_river_crossing,
          nzn_winding_woodlands_5x15_pool,
          nzn_winding_woodlands_center_diamonds], layout_loops_corners,
          dpeg_oklobed_lair, serial_shops, shop_coins, shop,
          kennysheep_little_box, shop, shop
D:11:     layout_roguey
D:12:     layout_loops_cross, orc_0_dummy, uniq_nergalle
D:15:     hangedman_depths_entry_civil_slaughter, layout_grid_maze,
          minmay_misc_feat_x, chequers_serial_rivers_room_b, uniq_jorgrun

Skill      XL: |  1  2  3  4  5  6  7  8  9 10 11 12 |
---------------+-------------------------------------+-----
Armour         | 4 5 6 |  6.6
Fighting       | 4 5 7 9 11 12 | 12.3
Maces & Flails | 3 4 5 7 10 12 13 14 | 14.2
Shields        | 4 5 7 |  7.5
Throwing       | 2 4 |  4.2
Dodging        | |  0.4

Action                   |  1- 3 |  4- 6 |  7- 9 | 10-12 || total
-------------------------+-------+-------+-------+-------++-------
Melee: Whip              |    94 |   159 |   117 |    33 ||   403
       Flail             |     6 |       |   457 |   247 ||   710
       Unarmed           |       |       |    35 |       ||    35
       Hand axe          |       |       |     3 |   366 ||   369
Throw: Boomerang         |       |       |       |    15 ||    15
Evoke: Wand              |       |       |       |     1 ||     1
  Use: Scroll            |     3 |       |    16 |    13 ||    32
       Potion            |       |     1 |     3 |     5 ||     9
Armor: Scale mail        |     5 |       |       |       ||     5
       Plate armour      |    42 |    99 |   541 |   406 ||  1088
       Skin              |       |       |       |     8 ||     8
Dodge: Dodged            |     9 |    31 |   125 |   108 ||   273
       Repelled          |       |       |       |     5 ||     5
Block: Kite shield       |    39 |    59 |   392 |   330 ||   820
